 Dungeon Crawl Stone Soup version 0.25-a0-294-gea9b1ad378 (webtiles) character file.

Game seed: 1421332359273215338, levelgen mode: classic

20178 Borgoz the Basher (level 12, -6/79 HPs)
             Began as a Gargoyle Berserker on Dec 19, 2019.
             Was a High Priest of Trog.
             Killed from afar by a catoblepas (8 damage)
             ... with a blast of calcifying dust
             ... on level 15 of the Dungeon.
             The game lasted 00:25:53 (16780 turns).

Borgoz the Basher (Gargoyle Berserker)             Turns: 16780, Time: 00:25:54

Health: -6/79      AC: 18    Str: 21    XL:     12   Next: 76%
Magic:  12/12      EV: 16    Int:  9    God:    Trog [*****.]
Gold:   557        SH:  0    Dex: 13    Spells: 11/11 levels left

rFire    . . .     SeeInvis .   F - +11 great mace
rCold    + . .     Gourm    .   (shield currently unavailable)
rNeg     + . .     Faith    .   w - +0 troll leather armour
rPois    ∞         Spirit   .   x - +0 helmet
rElec    +         Reflect  .   (no cloak)
rCorr    .         Harm     .   (no gloves)
MR       .....                  (no boots)
Stlth    +.........             (no amulet)
HPRegen  0.63/turn              u - +2 ring of protection
MPRegen  0.13/turn              r - ring of protection from cold

@: berserk cooldown, slowed, very slow
A: negative energy resistance 1, electricity resistance, unbreathing,
petrification resistance, rot immunity, AC +8
a: Berserk, Trog's Hand, Brothers in Arms, Renounce Religion


You were on level 15 of the Dungeon.
You worshipped Trog.
Trog was extremely pleased with you.
You were very hungry.

You visited 1 branch of the dungeon, and saw 13 of its levels.
You also visited: Ossuary.

You collected 557 gold pieces.

Inventory:

Hand Weapons
 a - a +3 morningstar of flaming
 b - a +3 whip of electrocution
 F - a +11 great mace (weapon)
Armour
 j - a +1 leather armour of fire resistance
 l - a +1 leather armour of cold resistance
 w - a +0 troll leather armour (worn)
 x - a +0 helmet (worn)
Jewellery
 h - a +4 ring of intelligence
 r - a ring of protection from cold (right hand)
 u - a +2 ring of protection (left hand)
Wands
 d - a wand of iceblast (33)
 t - a wand of random effects (13)
 y - a wand of acid (3)
 z - a wand of polymorph (5)
Scrolls
 i - 3 scrolls of enchant armour
 m - 7 scrolls of teleportation
 v - 2 scrolls of enchant weapon
 B - a scroll of fear
 C - a scroll of silence
Potions
 e - 5 potions of curing
 f - 4 potions of brilliance
 k - 3 potions of haste
 n - a potion of invisibility
 o - 2 potions of mutation
 q - a potion of agility
 s - a potion of might
 A - 3 potions of lignification
 D - a potion of heal wounds
 E - a potion of cancellation
Comestibles
 c - 3 rations


   Skills:
 + Level 10.8 Fighting
 * Level 12.5 Maces & Flails
 + Level 10.9 Armour
 + Level 8.5 Dodging


You had 11 spell levels left.
You didn't know any spells.
Your spell library was empty.

Dungeon Overview and Level Annotations

Branches:
Dungeon (12/15)            Temple (0/1) D:6            Lair (0/6) D:10
    Orc (0/2) D:12         Depths (0/5) D:15        Ossuary (visited)

Altars:
Dithmenos
Elyvilon
Nemelex Xobeh
Okawaru
Xom
Yredelemnul


Innate Abilities, Weirdness & Mutations

You are resistant to torment.
Your stone body is resilient. (AC +8)
You are immune to poison.
You resist negative energy. (rN+)
You are resistant to electric shocks. (rElec)
You can survive without breathing.
You are immune to petrification.
You are immune to rotting.


Message History

You bludgeon the catoblepas!!
The catoblepas is heavily wounded.
The redback zombie completely misses you.
The catoblepas breathes a plume of calcifying dust at you.
The blast of calcifying dust hits you.
Your magical contamination has completely faded away.
You completely miss the catoblepas.
The catoblepas is heavily wounded.
You are no longer berserk.
You are exhausted.
You feel yourself slow down. The redback zombie closely misses you.
Unknown command.
The catoblepas gores you!!
* * * LOW HITPOINT WARNING * * *
The redback zombie is engulfed in calcifying dust.
The redback zombie is moving more slowly.
The redback zombie barely misses you.
The catoblepas breathes a plume of calcifying dust at you.
The blast of calcifying dust hits you!
You die...

...P.........#
...P.P..8###.#
....P...# ##.##
.#.....###...## ####
.........#..#..#####..#
.##.....)[.###.......##
##.....#.W#..#####.§#
####.###ZY.## ####
#...# ##@## #.### #(#
#.####.######)##
#...(().##....#
#.####(#(##.#.##
#.#.##.### ####(#.##.#
.............#
##.###.##.##.#


You could see a catoblepas, a hungry ghost and a redback zombie (petrifying).

Vanquished Creatures
  Josephine (D:10)
  2 two-headed ogres
  A centaur warrior (D:15)
  A vampire mage (D:15)
  A skeletal warrior (D:15)
  An unseen horror (D:12)
  An ugly thing (D:12)
  A frost giant zombie (D:15)
  2 cyclopes
  A gargoyle (D:11)
  A redback zombie (D:15)
  4 trolls
  3 meliai (D:15)
  A hornet (D:11)
  A harpy skeleton (D:15)
  3 hippogriffs
  A spriggan (D:9)
  A shadow (D:15)
  A wyvern (D:10)
  4 wraiths (D:10)
  A yak (D:12)
  2 hungry ghosts
  A basilisk (D:11)
  Eustachio (D:6)
  4 vampire mosquitoes (D:15)
  A water moccasin (D:8)
  3 porcupines (D:10)
  11 orc warriors
  6 sky beasts
  4 black bears (D:10)
  3 ice beasts
  7 ogres
  A phantom (D:5)
  2 necrophages
  A wolf (D:10)
  6 centaurs
  5 crocodiles
  3 elf zombies (Ossuary)
  3 big kobolds
  A wyvern zombie (D:6)
  9 bullfrogs
  5 scorpions
  6 killer bees (D:9)
  A wight (D:7)
  2 howler monkeys
  4 crimson imps
  9 centaur zombies
  3 bullfrog zombies
  3 hounds
  3 jellies
  11 orc wizards
  5 bullfrog skeletons
  A human zombie (Ossuary)
  6 orc priests
  2 centaur skeletons (D:12)
  3 iguanas
  12 worker ants
  2 hound zombies
  4 hound skeletons (D:6)
  2 mummies (Ossuary)
  2 howler monkey zombies
  13 adders
  A howler monkey skeleton (D:7)
  3 shadow imps
  An adder zombie (D:6)
  3 adder skeletons
  3 dart slugs
  7 leopard geckos
  45 orcs
  2 ball pythons
  6 giant cockroaches
  7 goblins
  5 hobgoblins
  12 jackals
  6 quokkas
  A ball python skeleton (D:4)
  2 bats
  6 frilled lizards
  11 hobgoblin zombies (Ossuary)
  A jackal skeleton (D:8)
  3 jackal zombies (Ossuary)
  25 kobolds
  9 kobold zombies (Ossuary)
  A leopard gecko zombie (D:6)
  7 orc zombies (Ossuary)
  3 quokka skeletons
  A quokka zombie (D:6)
  7 rats
  A rat zombie (Ossuary)
385 creatures vanquished.

Vanquished Creatures (others)
  An orc wizard (D:8)
  A fungus (D:10)
  6 plants (D:10)
8 creatures vanquished.

Grand Total: 393 creatures vanquished

Notes
Turn   | Place    | Note
-------+----------+-------------------------------------------
     0 | D:1      | Borgoz the Gargoyle Berserker began the quest for the Orb.
     0 | D:1      | Reached XP level 1. HP: 14/14 MP: 1/1
    19 | D:1      | Found a sparkling altar of Nemelex Xobeh.
   104 | D:1      | Reached XP level 2. HP: 19/19 MP: 2/2
   689 | D:1      | Reached XP level 3. HP: 21/23 MP: 3/3
   900 | D:2      | You fall into a shaft and drop 2 floors!
  1156 | D:4      | Reached XP level 4. HP: 9/28 MP: 4/4
  1174 | D:4      | Reached ** piety under Trog
  2636 | D:3      | Reached XP level 5. HP: 17/32 MP: 5/5
  2835 | D:3      | Reached skill level 4 in Maces & Flails
  3093 | D:4      | Found a sparkling altar of Nemelex Xobeh.
  3096 | D:4      | Found a basalt altar of Yredelemnul.
  3098 | D:4      | Found an iron altar of Okawaru.
  4046 | D:4      | Reached XP level 6. HP: 24/38 MP: 6/6
  4262 | D:4      | Found a white marble altar of Elyvilon.
  4539 | D:5      | Entered Level 5 of the Dungeon
  5040 | D:5      | Reached XP level 7. HP: 28/44 MP: 7/7
  5282 | D:5      | Reached skill level 5 in Maces & Flails
  5282 | D:5      | Reached skill level 5 in Armour
  5420 | D:5      | Reached skill level 5 in Fighting
  5479 | D:5      | Reached *** piety under Trog
  5506 | D:5      | Reached XP level 8. HP: 23/49 MP: 8/8
  7031 | D:6      | Noticed Eustachio
  7071 | D:6      | Killed Eustachio
  7071 | D:6      | Reached skill level 6 in Maces & Flails
  7131 | D:6      | Found a shadowy altar of Dithmenos.
  7519 | D:6      | Found a staircase to the Ecumenical Temple.
  7598 | D:6      | Reached skill level 5 in Dodging
  7598 | D:6      | Reached XP level 9. HP: 56/56 MP: 9/9
  8018 | D:6      | Reached **** piety under Trog
  9096 | D:7      | Reached skill level 7 in Maces & Flails
 10206 | D:8      | Reached skill level 8 in Maces & Flails
 10210 | D:8      | Reached XP level 10. HP: 43/64 MP: 10/10
 10429 | D:8      | Noticed a two-headed ogre
 10439 | D:8      | Killed a two-headed ogre
 10457 | D:8      | Found a sand-covered staircase.
 10489 | Ossuary  | Entered an ossuary
 11161 | Ossuary  | Reached skill level 9 in Maces & Flails
 11430 | D:8      | Found a shimmering altar of Xom.
 11449 | D:8      | Reached ***** piety under Trog
 11449 | D:8      | Received a gift from Trog
 12885 | D:9      | Reached XP level 11. HP: 69/69 MP: 11/11
 12950 | D:10     | Entered Level 10 of the Dungeon
 13025 | D:10     | Reached skill level 10 in Maces & Flails
 13407 | D:10     | Found a staircase to the Lair.
 13485 | D:10     | Got a crystal dagger
 13831 | D:10     | Noticed Josephine
 13842 | D:10     | Killed Josephine
 14821 | D:11     | Received a gift from Trog
 15253 | D:11     | Reached skill level 11 in Maces & Flails
 15351 | D:11     | Noticed a two-headed ogre
 15361 | D:11     | Killed a two-headed ogre
 15361 | D:11     | Reached skill level 10 in Armour
 15538 | D:11     | Reached skill level 10 in Fighting
 15809 | D:11     | Identified the +8 dagger of Woaxynn {antimagic, Str+3} (You
                  | found it on level 10 of the Dungeon)
 15943 | D:12     | Reached XP level 12. HP: 77/77 MP: 12/12
 16222 | D:12     | Found a staircase to the Orcish Mines.
 16388 | D:12     | Received a gift from Trog
 16547 | D:12     | You fall into a shaft and drop 3 floors!
 16547 | D:15     | Entered Level 15 of the Dungeon
 16565 | D:15     | Reached skill level 12 in Maces & Flails
 16616 | D:15     | Found a staircase to the Depths.
 16616 | D:15     | Noticed a vampire mage
 16631 | D:15     | Killed a vampire mage
 16747 | D:15     | Noticed a centaur warrior
 16760 | D:15     | Killed a centaur warrior
 16765 | D:15     | Noticed a catoblepas
 16780 | D:15     | HP: 2/79 [catoblepas (24)]
 16780 | D:15     | Killed from afar by a catoblepas

Levels and vault maps discovered:
D:1:      lightli_arrival_quake, layout_loops_corners, serial_park_tiny_1,
          nemelex_xobeh_ov_fountains_minmay
D:2:      layout_basic
D:3:      layout_basic
D:4:      layout_loops_corners, elyvilon_altar_5, grunt_temple_overflow_open,
          first_ration, serial_bayou_lake_a
D:5:      layout_rooms
D:6:      layout_loops_ring, grunt_dithmenos_smoke,
          minmay_temple_entry_offerings, serial_undead, serial_undead_a,
          serial_undead_a, serial_undead_f, serial_undead_b, uniq_eustachio
D:7:      layout_loops_ring, minmay_increasing_density
D:8:      layout_loops_ring, xom_butterflies, enter_ossuary_5
D:9:      layout_gridville, the_bakery
D:10:     layout_roguey, minmay_lair_entry_grove, minmay_misc_feat_columns,
          uniq_josephine
D:11:     layout_gridville
D:12:     layout_gridville, orc_0_dummy, st_stairs_12
D:15:     gammafunk_depths_entry_grave, layout_loops_ring, minmay_hidden_floor,
          uniq_agnes

Skill      XL: |  1  2  3  4  5  6  7  8  9 10 11 12 |
---------------+-------------------------------------+-----
Dodging        | 2 3 4 5 6 7 8 |  8.5
Armour         | 3 4 5 6 7 9 10 | 10.9
Maces & Flails | 4 5 6 8 9 11 12 | 12.5
Fighting       | 4 5 6 7 8 10 | 10.8

Action                   |  1- 3 |  4- 6 |  7- 9 | 10-12 || total
-------------------------+-------+-------+-------+-------++-------
Melee: Mace              |   104 |   295 |   732 |  1444 ||  2575
       Great mace        |       |       |       |    79 ||    79
       Whip              |       |       |       |    77 ||    77
Invok: Berserk           |     2 |     4 |    25 |    22 ||    53
       Trog's Hand       |       |     1 |     3 |    10 ||    14
Evoke: Wand              |       |       |       |     5 ||     5
  Use: Scroll            |     3 |     8 |     4 |    11 ||    26
       Potion            |       |       |       |     6 ||     6
 Stab: Sleeping          |       |     1 |       |       ||     1
  Eat: Chunk             |     2 |    14 |    22 |    28 ||    66
       Ration            |       |     1 |     6 |    10 ||    17
Armor: Animal skin       |    27 |   100 |    50 |       ||   177
       Ring mail         |       |       |   104 |       ||   104
       Leather armour    |       |       |   202 |   299 ||   501
       Troll leather arm |       |       |       |   526 ||   526
       Skin              |       |       |       |     9 ||     9
Dodge: Dodged            |    91 |   249 |   614 |  1404 ||  2358

Table legend:
 A = Non-vault XP
 B = Vault XP
 C = Vault XP percentage of total XP
 D = Non-vault monster count
 E = Vault monster count
 F = Vault count percentage of total count
                 A         B        C        D         E       F
            +---------+---------+-------+---------+---------+-------
      Total |   21532 |    7295 |  25.3 |     303 |      83 |  21.5
            +---------+---------+-------+---------+---------+-------
        D:1 |      42 |       0 |   0.0 |      22 |       0 |   0.0
        D:2 |      35 |       0 |   0.0 |      16 |       0 |   0.0
        D:3 |      48 |       0 |   0.0 |      14 |       0 |   0.0
        D:4 |     209 |       0 |   0.0 |      14 |       0 |   0.0
        D:5 |    1072 |       0 |   0.0 |      37 |       0 |   0.0
        D:6 |     625 |     587 |  48.4 |      18 |      17 |  48.6
        D:7 |    1190 |     346 |  22.5 |      27 |       6 |  18.2
        D:8 |    2591 |       0 |   0.0 |      31 |       0 |   0.0
        D:9 |    1791 |     220 |  10.9 |      21 |       1 |   4.5
       D:10 |    2074 |    3289 |  61.3 |      20 |      16 |  44.4
       D:11 |    3252 |       0 |   0.0 |      31 |       0 |   0.0
       D:12 |    4480 |     199 |   4.3 |      38 |       1 |   2.6
       D:15 |    4123 |    2165 |  34.4 |      14 |       3 |  17.6
    Ossuary |       0 |     489 | 100.0 |       0 |      39 | 100.0
            +---------+---------+-------+---------+---------+-------
